 Dungeon Crawl Stone Soup version 0.18-a0-900-gbbf5c82 (webtiles) character file.

92 dvd the Ruffian (level 4, -7/38 HPs)
             Began as a Ghoul Monk on Dec 24, 2015.
             Killed from afar by Terence (9 damage)
             ... with a wand of flame
             ... on level 2 of the Dungeon.
             The game lasted 00:04:48 (782 turns).

dvd the Ruffian (Ghoul Monk)                         Turns: 782, Time: 00:04:48

Health: -7/38      AC:  5    Str: 14    XL:     4   Next: 60%
Magic:  3/3        EV: 11    Int:  5    God:
Gold:   83         SH:  0    Dex: 12    Spells: 0 memorised, 3 levels left

rFire  . . .     SeeInvis .       - Unarmed
rCold  + . .     Gourm    .     i - +0 ring mail
rNeg   + + +     Faith    .     (no shield)
rPois  ∞         Spirit   .     (no helmet)
rElec  .         Dismiss  .     (no cloak)
rCorr  .         Reflect  .     (no gloves)
SustAt .         Harm     .     (no boots)
MR     .....                    (no amulet)
Stlth  +.........               (no ring)
                                (no ring)

@: rotting, not resistant to hostile enchantments, very unstealthy
A: rotting body, claws 1, carnivore 3, cold resistance 1, negative energy
resistance 3, slow regeneration 1, torment resistance, unbreathing
a: no special abilities


You were on level 2 of the Dungeon.
You were not hungry.

You visited 1 branch of the dungeon, and saw 2 of its levels.

You collected 83 gold pieces.

Inventory:

Missiles
 f - 14 sling bullets
 g - a tomahawk (quivered)
 o - 22 arrows
Armour
 a - a +0 robe
 i - a +0 ring mail (worn)
Scrolls
 h - a scroll of teleportation {unknown}
 j - a scroll of immolation {unknown}
 l - 2 scrolls of identify {unknown}
 m - a scroll of noise {unknown}
 n - a scroll of fear {unknown}
 p - a scroll of enchant weapon {unknown}
Potions
 c - a potion of curing {unknown}
 d - a potion of degeneration {unknown}
 e - a potion of heal wounds {unknown}
Comestibles
 b - a meat ration
 k - a chunk of flesh


   Skills:
 + Level 3.5 Fighting
 + Level 1.0 Armour
 + Level 3.4 Dodging
 + Level 2.7 Stealth
 + Level 5.2 Unarmed Combat


You had 3 spell levels left.
You didn't know any spells.

Dungeon Overview and Level Annotations

Branches:
Dungeon (2/15)

Altars:
Ru

Annotations:
D:2 Terence


Innate Abilities, Weirdness & Mutations

Your body is rotting away.
You thrive on raw meat.
You are immune to poison.
You have sharp fingernails.
You are carnivorous and can eat meat at any time.
Your flesh is cold resistant.
You are immune to negative energy.
You regenerate slowly when monsters are visible.
You are immune to unholy pain and torment.
You can survive without breathing.


Message History

Terence zaps a wand.
The puff of flame misses you.
You scratch Terence.
Terence is moderately wounded.
Terence zaps a wand.
The puff of flame hits you!
* * * LOW HITPOINT WARNING * * *
Drink which item? (? for menu, Esc to quit)
Okay, then.
You barely miss Terence.
Terence is moderately wounded.
Terence closely misses you.
You scratch Terence.
Terence is heavily wounded.
You scratch Terence but do no damage.
Terence is heavily wounded.
Terence hits you with a trident of protection.
* * * LOW HITPOINT WARNING * * *
Your ring mail prevents you from hitting Terence.
Terence is heavily wounded.
Terence zaps a wand.
The puff of flame hits you!
You die...

###.......#.######
#. #.#.÷.#...#.#
#...##.#...#...#.###
..^....'#######+....
..........##.....#
....######.......#
... #.......#### .
###..).......#
#....@.......#
#....@.......#
#...(#########
#....# #....# #....#
#)(.. #....


You could see Terence.

Vanquished Creatures
  An orc wizard (D:2)
  Natasha (D:2)
  An adder (D:2)
  2 hobgoblins (D:1)
  7 bats (D:1)
  A giant cockroach (D:1)
  4 giant geckos (D:1)
  A goblin (D:1)
  5 kobolds
  11 rats
34 creatures vanquished.

Notes
Turn   | Place    | Note
--------------------------------------------------------------
     0 | D:1      | dvd the Ghoul Monk began the quest for the Orb.
     0 | D:1      | Reached XP level 1. HP: 19/19 MP: 0/0
   140 | D:1      | Reached XP level 2. HP: 16/26 MP: 1/1
   622 | D:1      | Reached XP level 3. HP: 31/31 MP: 2/2
   697 | D:2      | Noticed Natasha
   707 | D:2      | Killed Natasha
   707 | D:2      | Reached skill level 5 in Unarmed Combat
   728 | D:2      | Found a sacrificial altar of Ru.
   734 | D:2      | Reached XP level 4. HP: 38/38 MP: 3/3
   748 | D:2      | Reached skill level 1 in Armour
   768 | D:2      | Noticed Terence
   782 | D:2      | Killed from afar by Terence

Vault maps used:
D:1:      dpeg_arrival_ratfight
D:2:      nicolae_ru_great_annihilating_truth, due_unseen_surprise, uniq_iyjb,
          uniq_terence, uniq_natasha

Action                   |  1- 3 |  4- 6 || total
-------------------------+-------+-------++-------
Melee: Unarmed           |    80 |    10 ||    90
Throw: Tomahawk          |       |     2 ||     2
 Stab: Sleeping          |     5 |       ||     5
       Paralysed         |       |     2 ||     2
  Eat: Chunk             |    10 |     1 ||    11
